 Dungeon Crawl Stone Soup version 0.20.0-8-g6b59dc7 (webtiles) character file.

1796611 ldierk the Comforter (level 25, 212/212 HPs)
             Began as a Hill Orc Fighter on June 2, 2017.
             Was a Follower of Elyvilon.
             Escaped with the Orb
             ... and 3 runes!
             The game lasted 04:52:35 (55787 turns).

ldierk the Comforter (Hill Orc Fighter)            Turns: 55787, Time: 04:52:35

Health: 212/212    AC: 34    Str: 30 (31) XL:     25   Next: 54%
Magic:  32/32      EV:  9    Int:  6      God:    Elyvilon [*.....]
Gold:   1489       SH:  3    Dex: 10 (11) Spells: 24/24 levels left

rFire    + + .     SeeInvis +   a - +9 battleaxe (freeze)
rCold    + . .     Gourm    .   (shield currently unavailable)
rNeg     . . .     Faith    .   U - +0 plate armour "Unohurio" {rElec Regen+ Slay+6 Stlth+}
rPois    +         Spirit   .   o - +2 helmet "Moag" {rPois}
rElec    +         Reflect  +   P - scarf {rC+ rF+}
rCorr    .         Harm     .   G - +2 pair of gloves {Dex+3}
MR       +....     Clarity  +   N - +0 pair of boots
Stlth    ..........             z - +3 amulet of reflection
Regen    0.9/turn               M - ring of see invisible
MPRegen  0.3/turn               m - ring of protection from fire

@: no status effects
A: claws 1, hooves 1, slimy green scales 1, clarity, clumsy 1, deterioration 1,
dopey 1, frail 1, low mp 2, subdued magic 1
0: Orb of Zot
}: 3/15 runes: decaying, abyssal, gossamer
a: Lesser Healing, Divine Protection, Renounce Religion


You escaped.
You worshipped Elyvilon.
Elyvilon was aware of your devotion.
You were not hungry.

You visited 9 branches of the dungeon, and saw 46 of its levels.
You visited the Abyss 2 times.
You visited 1 bazaar.
You also visited: Labyrinth and Ossuary.

You collected 4443 gold pieces.
You spent 2954 gold pieces at shops.

Inventory:

Hand Weapons
 a - a +9 battleaxe of freezing (weapon)
 b - a +3 hunting sling of flaming
Missiles
 c - 61 sling bullets
 D - 9 javelins (quivered)
Armour
 o - the +2 helmet "Moag" (worn) {rPois}
   (You found it on level 4 of the Spider Nest)

   It protects you from poison.
 G - a +2 pair of gloves of dexterity (worn)
 N - a +0 pair of boots (worn)
 P - a scarf of resistance (worn)
 U - the +0 plate armour "Unohurio" (worn) {rElec Regen+ Slay+6 Stlth+}
   (You bought it in a shop on level 2 of the Orcish Mines)

   It affects your accuracy and damage with ranged weapons and melee attacks
   (+6).
   It insulates you from electricity.
   It increases your rate of regeneration.
   It makes you more stealthy.
Jewellery
 m - a ring of protection from fire (right hand)
 z - a +3 amulet of reflection (around neck)
 F - an uncursed ring of protection from cold
 H - an uncursed ring of protection from magic
 M - a ring of see invisible (left hand)
 Q - an uncursed ring of resist corrosion
Wands
 n - a wand of digging (11/24)
 u - a wand of lightning (8/15)
 E - a wand of digging (7/24)
 J - a wand of paralysis (9/24)
 K - a wand of disintegration (12/24)
 S - a wand of iceblast (8/15)
 T - a wand of acid (8/15)
Scrolls
 f - 2 scrolls of magic mapping
 j - 4 scrolls of blinking
 p - 8 scrolls of fear
 q - 7 scrolls of recharging
 t - 6 scrolls of remove curse
 y - a scroll of holy word
 A - 2 scrolls of enchant weapon
 L - a scroll of silence
 W - a scroll of summoning
 Z - 4 scrolls of enchant armour
Potions
 d - 9 potions of cancellation
 i - 9 potions of curing {!q}
 r - 2 potions of invisibility
 v - a potion of flight
 w - 7 potions of magic
 x - 4 potions of mutation
 O - 4 potions of lignification
 R - 3 potions of ambrosia
Comestibles
 k - 17 fruits


   Skills:
 + Level 21.5 Fighting
 - Level 21.0 Axes
 - Level 7.1 Slings
 O Level 27 Armour
   Level 3.2 Shields
 O Level 27 Invocations


You had 24 spell levels left.
You didn't know any spells.

Dungeon Overview and Level Annotations

Branches:
Dungeon (15/15)            Temple (1/1) D:4            Lair (6/6) D:8
  Swamp (4/4) Lair:4       Spider (4/4) Lair:3        Slime (0/5) Lair:5
    Orc (2/2) D:9             Elf (0/3) Orc:2        Vaults (4/5) D:13
  Crypt (0/3) Vaults:3     Depths (5/5) D:15            Zot (5/5) Depths:5

Altars:
Ashenzari
Cheibriados
Dithmenos
Elyvilon
Fedhas
Gozag
Hepliaklqana
Kikubaaqudgha
Makhleb
Nemelex Xobeh
Okawaru
Qazlal
Ru
Sif Muna
Trog
Vehumet
Xom
Yredelemnul
The Shining One
Beogh
Jiyva
Lugonu

Shops:
D:6 %[[[(   D:9 (   D:14 [   Orc:1 =   Orc:2 ![:(*   Vaults:1 }

Portals:
Hell: Depths:1 Depths:2 Depths:3 Depths:4 Depths:5
Abyss: Depths:3 Depths:4
Pandemonium: Depths:1 Depths:3 Depths:5
Ziggurat: Depths:2
Trove: D:12 (give 7 scrolls of blinking)

Annotations:
D:15 1 runed door, exclusion: orange crystal statue
Lair:2 exclusion: 2 oklob plants
Lair:4 exclusion: oklob plant
Swamp:3 Mara
Spider:2 exclusion: Roxanne, Roxanne


Innate Abilities, Weirdness & Mutations

You have sharp fingernails.
You have large cloven feet.
You are partially covered in slimy green scales. (AC +2)
You possess an exceptional clarity of mind.
You are clumsy. (Dex -2)
Your body sometimes deteriorates upon taking damage.
You are dopey. (Int -2)
You are frail. (-10% HP)
Your magical capacity is very low. (-20% MP)
Your spells are a little easier to cast, but a little less powerful.


Message History

You kill the neqoxec!
An orange demon comes into view.
You see here a club.
You slash the orange demon! You freeze the orange demon.
The orange demon is moderately wounded.
You slash the orange demon! You freeze the orange demon.
The orange demon is heavily wounded.
The orange demon stings you but does no damage.
The orange demon hits you but does no damage.
You barely miss the orange demon.
The orange demon is heavily wounded.
The orange demon stings you but does no damage.
The orange demon hits you but does no damage.
You open the orange demon like a pillowcase!!!
You freeze the orange demon.
You kill the orange demon!
There is a staircase leading out of the dungeon here.
You see here a +0 shield.
HP restored.
You have escaped!

########.........###..#
......##.........# #..#
......##..#####..# #..#
......##..# #.)###..#
......##..# #.......#
.#######..# #.>.....#
.......#..# #.......#
####...#..# #...##..#
#####..#####.@.##..#
#..............#
#..............#
#..............#
################


There were no monsters in sight!

Vanquished Creatures
  4 orbs of fire (Zot:5)
  A juggernaut (Abyss:3)
  Saint Roka (Depths:1)
  A golden dragon (Depths:5)
  the Enchantress (Depths:1)
  Nikola (Swamp:1)
  Arachne (Spider:2)
  The ghost of GordonOverkill the Slayer, a veteran KoSk of Yredelemnul (Depths:4)
  A hellephant (Abyss:3)
  A Hell Sentinel (D:6)
  2 tentacled monstrosities
  Rupert (D:12)
  19 Orb Guardians
  An Executioner (D:9)
  9 tentacled starspawn
  A sphinx (Depths:5)
  Gastronok (D:10)
  Agnes (Spider:2)
  2 shadow dragons (Depths:5)
  2 draconian monks (Depths:5)
  2 storm dragons
  Donald (Spider:2)
  7 tengu reavers
  2 deep elf sorcerers
  2 frost giants
  4 fire giants
  3 balrugs
  3 draconian knights
  8 vault wardens
  3 ghost moths
  The ghost of Laan the Severer, an adept GrFi of the Shining One (Depths:1)
  Aizul (Vaults:2)
  An orc warlord (D:9)
  2 cacodemons (Abyss:3)
  3 draconian shifters
  2 emperor scorpions (Spider:4)
  A draconian stormcaller (Zot:5)
  11 ironheart preservers
  A ghoul (Vaults:3)
  5 entropy weavers
  11 stone giants
  A draconian annihilator (Zot:5)
  5 vampire knights
  A spriggan defender (Depths:1)
  15 very ugly things
  A deep elf demonologist (Vaults:2)
  An ophan (Abyss:3)
  A white draconian (Zot:5)
  3 green draconians
  5 purple draconians
  A lorocyproca (Depths:5)
  2 spark wasps (Depths:5)
  3 yellow draconians
  2 black draconians
  3 red draconians
  An eidolon (Abyss:3)
  12 ettins
  A deep elf death mage (Vaults:2)
  A minotaur (Lab)
  5 fire dragons
  15 yaktaur captains
  3 jiangshi (Depths:2)
  6 rakshasas
  8 great orbs of eyes
  3 vault guards (D:13)
  4 ice dragons
  Harold (Lair:3)
  4 ghost crabs
  A hydra (Swamp:4)
  3 spriggan air magi
  A hell beast (Depths:3)
  12 centaur warriors
  39 two-headed ogres
  12 ogre magi
  The ghost of Timinator the Fighter, a novice FoAr of Okawaru (D:11)
  11 tengu warriors
  8 alligators
  5 death yaks (Lair:6)
  12 deep troll earth magi
  3 vampire magi
  10 deep troll shamans
  18 thrashing horrors
  2 soul eaters
  7 spriggan berserkers
  5 sun demons
  Urug (Lair:3)
  10 deep elf knights
  14 wretched stars
  3 unseen horrors
  3 sixfirhies (Abyss:3)
  9 hell knights
  A salamander mystic (Depths:4)
  2 spatial maelstroms (Abyss:3)
  6 iron trolls
  A death drake (Abyss:3)
  2 spriggan druids (Swamp:4)
  3 glowing orange brains
  4 flayed ghosts
  39 deep trolls
  6 swamp dragons
  4 shambling mangroves
  A wizard (Vaults:3)
  40 starcursed masses
  Pikel (D:6)
  2 deep elf archers
  4 phantasmal warriors
  6 ironbrand convokers
  5 necromancers
  An orb spider (shapeshifter) (Abyss:3)
  12 orc knights
  38 wolf spiders
  19 orb spiders
  A harpy (shapeshifter) (Depths:4)
  7 orc sorcerers
  38 ugly things
  A manticore (D:14)
  4 cyclopes
  5 worldbinders (Abyss:3)
  5 moths of wrath
  4 elephants
  A tengu skeleton (Depths:3)
  15 deep elf magi
  A fire giant skeleton (Depths:3)
  A frost giant zombie (Depths:3)
  A dire elephant zombie (Abyss:3)
  4 apocalypse crabs
  5 black mambas
  3 salamanders (Depths:4)
  3 rust devils
  3 naga magi (D:15)
  9 vault sentinels
  14 smoke demons
  17 spiny frogs
  6 orange demons
  2 frost giant skeletons
  3 gargoyles
  5 rime drakes
  2 komodo dragons (shapeshifter)
  37 yaktaurs
  2 hellions
  13 demonic crawlers
  3 ice devils
  6 komodo dragons
  5 freezing wraiths
  4 hellwings
  4 efreet (Abyss:3)
  6 trolls
  14 ancient zymes
  6 tengu conjurers
  2 red devils
  A yaktaur skeleton (Vaults:1)
  34 jumping spiders
  4 polar bears
  A meliai (D:14)
  A jumping spider (shapeshifter) (D:15)
  3 tyrant leeches (Swamp:2)
  20 hornets
  18 blink frogs
  31 slime creatures
  10 bog bodies
  A hydra skeleton (Abyss:3)
  Prince Ribbit (Lair:3)
  23 raiju
  A wolf spider simulacrum (D:15)
  A blink frog (shapeshifter) (Depths:5)
  An elf zombie (Depths:3)
  2 hippogriffs (shapeshifter)
  A dream sheep (Lair:6)
  12 hippogriffs
  2 human simulacra
  A stone giant simulacrum (Vaults:1)
  An ettin zombie (Abyss:3)
  2 flying skulls (Abyss:3)
  84 redbacks
  A fire dragon skeleton (Abyss:3)
  A fire giant simulacrum (Vaults:3)
  A centaur simulacrum (D:15)
  A wyvern (shapeshifter) (Vaults:1)
  5 shadows
  15 spriggans
  2 air elementals (Depths:3)
  A vampire (D:14)
  7 water elementals
  2 fire elementals
  6 wraiths
  6 wyverns
  4 golden eyes
  34 tarantellas
  4 ynoxinuls
  A human (shapeshifter) (Vaults:3)
  3 basilisks
  2 hogs (shapeshifter) (Depths:4)
  25 yaks
  7 hungry ghosts
  4 fire bats
  10 neqoxecs
  A steam dragon (Lair:3)
  21 vampire mosquitoes
  A yaktaur simulacrum (Vaults:3)
  A spatial vortex (Abyss:3)
  4 chaos spawn
  Menkaure (D:6)
  41 large abominations
  21 small abominations
  13 swamp worms
  8 wargs
  Edmund (D:6)
  3 acid dragons
  A hell hound (Depths:4)
  9 insubstantial wisps
  A soldier ant (D:13)
  A water moccasin (shapeshifter) (Depths:4)
  7 porcupines
  14 water moccasins
  46 orc warriors
  Purgy (D:3)
  5 sky beasts
  4 swamp drakes
  6 black bears
  4 ice beasts
  3 slaves
  2 phantoms
  33 ogres
  An orc zombie (Vaults:1)
  A black bear (shapeshifter) (Depths:1)
  2 necrophages
  2 eyes of draining
  A human zombie (Vaults:3)
  20 wolves (Lair:6)
  2 boggarts (Lair:6)
  16 centaurs
  13 crocodiles
  2 big kobolds
  20 bullfrogs
  2 gnoll sergeants
  Blork the orc (D:6)
  A human skeleton (Vaults:1)
  A glowing shapeshifter simulacrum (Vaults:1)
  3 scorpions
  A water moccasin skeleton (D:6)
  5 killer bees
  13 wights
  2 howler monkeys (D:10)
  3 electric eels
  13 crimson imps
  6 centaur zombies
  2 lava snakes (Lair:6)
  4 bullfrog zombies
  4 iron imps
  3 bullfrog skeletons
  4 jellies
  40 orc wizards
  4 quasits
  A gnoll shaman (D:6)
  26 orc priests
  12 hounds
  5 centaur skeletons
  2 iguanas
  Terence (D:3)
  15 worker ants
  A big kobold zombie (Ossuary)
  A hound skeleton (D:4)
  4 mummies (Ossuary)
  Robin (D:3)
  19 gnolls
  16 adders
  A river rat (D:6)
  5 shadow imps
  6 white imps
  4 ufetubi
  An ooze (D:1)
  2 adder zombies
  3 adder skeletons (D:4)
  2 worms
  A dart slug (D:2)
  9 leopard geckos
  112 orcs
  6 bats
  5 giant cockroaches
  14 goblins
  13 hobgoblins
  9 jackals
  4 quokkas
  3 ball pythons
  4 frilled lizards
  A goblin zombie (D:4)
  2 hobgoblin zombies (Ossuary)
  16 kobolds
  A leopard gecko skeleton (D:6)
  2 quokka zombies
  9 rats
  5 fungi
  3 plants
  4 starspawn tentacles
2077 creatures vanquished.

Vanquished Creatures (collateral kills)
  Jory (Vaults:2)
1 creature vanquished.

Vanquished Creatures (others)
  An ancient lich (Zot:5)
  A Killer Klown (Zot:5)
  A quicksilver dragon (Zot:5)
  A death cob (Zot:5)
  A shadow dragon (Zot:2)
  A vault warden (Vaults:3)
  An emperor scorpion (Spider:4)
  2 spriggan defenders (Depths:1)
  An ophan (Abyss:3)
  A deep elf demonologist (Vaults:2)
  A red draconian (Zot:1)
  A white draconian (Zot:3)
  2 great orbs of eyes
  3 hydras (Swamp:4)
  A centaur warrior (D:14)
  2 deep troll earth magi
  3 death yaks (Lair:6)
  2 deep troll shamans (Depths:3)
  5 spriggans
  A sixfirhy (Abyss:3)
  A deep troll (Depths:4)
  3 swamp dragons (Swamp:4)
  An ironbrand convoker (Vaults:2)
  2 deep elf magi
  A slime creature (Vaults:1)
  A cyclops (D:14)
  A wolf spider (Spider:4)
  2 moths of wrath (Zot:5)
  2 spiny frogs (Swamp:1)
  2 yaktaurs
  A komodo dragon (Lair:6)
  2 jumping spiders (Spider:4)
  A bog body (Swamp:4)
  8 hornets
  A redback (Spider:4)
  A tarantella (Spider:4)
  A vampire mosquito (Swamp:4)
  A swamp worm (Swamp:1)
  5 swamp drakes
  A black bear (Lair:6)
  A boggart (Lair:6)
  A wolf (Lair:6)
  A centaur (D:10)
  A bullfrog (Lair:2)
  2 small abominations (Abyss:3)
  4 killer bees
  A wight (D:8)
  A crimson imp (D:6)
  An orc priest (Vaults:2)
  2 orcs (D:8)
  A giant cockroach (D:6)
  A fungus (Lair:3)
  A lurking horror (Abyss:3)
  4 plants
  35 starspawn tentacles
127 creatures vanquished.

Grand Total: 2205 creatures vanquished

Notes
Turn   | Place    | Note
-------+----------+-------------------------------------------
     0 | D:1      | ldierk the Hill Orc Fighter began the quest for the Orb.
     0 | D:1      | Reached XP level 1. HP: 19/19 MP: 1/1
    48 | D:1      | Reached XP level 2. HP: 26/26 MP: 2/2
   626 | D:2      | Reached XP level 3. HP: 30/31 MP: 3/3
   870 | D:2      | Reached skill level 5 in Axes
  1003 | D:2      | Reached XP level 4. HP: 37/39 MP: 4/4
  1171 | D:2      | Found a hazy altar of Hepliaklqana.
  1580 | D:3      | Noticed Robin
  1602 | D:3      | Killed Robin
  1854 | D:3      | Found a shadowy altar of Dithmenos.
  1999 | D:3      | Noticed Terence
  2000 | D:3      | Noticed Purgy
  2036 | D:3      | Killed Terence
  2036 | D:3      | Reached XP level 5. HP: 45/45 MP: 5/5
  2084 | D:3      | Killed Purgy
  2116 | D:3      | Reached XP level 6. HP: 34/51 MP: 6/6
  2478 | D:4      | Found a sand-covered staircase.
  2516 | Ossuary  | Entered an ossuary
  2788 | Ossuary  | Reached XP level 7. HP: 44/57 MP: 5/7
  2859 | D:4      | Found a staircase to the Ecumenical Temple.
  2871 | Temple   | Entered the Ecumenical Temple
  2897 | Temple   | Became a worshipper of Elyvilon the Healer
  3067 | D:4      | Reached skill level 10 in Axes
  3084 | D:4      | Found a transporter.
  3084 | D:4      | Found a transporter.
  3100 | D:4      | Found a snail-covered altar of Cheibriados.
  3412 | D:4      | Found a burning altar of Makhleb.
  3477 | D:4      | Reached skill level 1 in Invocations
  3691 | D:4      | Reached * piety under Elyvilon
  3838 | D:5      | Entered Level 5 of the Dungeon
  4019 | D:5      | Reached XP level 8. HP: 32/64 MP: 9/11
  4286 | D:5      | Found a stormy altar of Qazlal.
  4286 | D:5      | Found a blossoming altar of Fedhas.
  4550 | D:5      | Reached ** piety under Elyvilon
  5078 | D:6      | Found Dutrak's Armour Shop.
  5080 | D:6      | Found Hied's Armour Emporium.
  5107 | D:6      | Bought a +0 pair of gloves of dexterity for 149 gold pieces
  5180 | D:6      | Reached *** piety under Elyvilon
  5183 | D:6      | Noticed Pikel
  5184 | D:6      | Noticed Menkaure
  5253 | D:6      | Reached skill level 5 in Invocations
  5437 | D:6      | Found a deep blue altar of Sif Muna.
  5453 | D:6      | Found Kiug's Food Emporium.
  5551 | D:6      | Killed Menkaure
  5551 | D:6      | Reached XP level 9. HP: 18/70 MP: 11/13
  5773 | D:6      | Killed Pikel
  5811 | D:6      | Found Jiololy's Antique Weapon Emporium.
  5917 | D:6      | Noticed Edmund
  5937 | D:6      | Killed Edmund
  6083 | D:6      | Found Kuf Uwk's Antique Armour Boutique.
  6107 | D:6      | Noticed Blork the orc
  6114 | D:6      | Killed Blork the orc
  6156 | D:6      | Reached skill level 15 in Axes
  6503 | D:7      | Reached XP level 10. HP: 62/76 MP: 14/14
  7248 | D:7      | Found an iron altar of Okawaru.
  7747 | D:8      | Found a staircase to the Lair.
  7860 | D:8      | Reached skill level 5 in Fighting
  7982 | D:8      | Found a basalt altar of Yredelemnul.
  7999 | D:8      | Found a basalt altar of Yredelemnul.
  8004 | D:8      | Reached **** piety under Elyvilon
  8004 | D:8      | Found a radiant altar of Vehumet.
  8149 | D:6      | Bought a glowing cloak for 202 gold pieces
  8453 | D:8      | Noticed a seven-headed hydra
  8455 | D:8      | Pacified a seven-headed hydra
  8455 | D:8      | Reached skill level 5 in Armour
  8850 | D:8      | Noticed a two-headed ogre
  8851 | D:8      | Pacified a two-headed ogre
  9176 | D:9      | Found Tudeesk's Weapon Shoppe.
  9195 | D:9      | Reached XP level 11. HP: 67/86 MP: 13/17
  9422 | D:9      | Reached skill level 10 in Invocations
  9552 | D:9      | Noticed a two-headed ogre
  9567 | D:9      | Killed a two-headed ogre
  9833 | D:9      | Found a staircase to the Orcish Mines.
 10231 | Lair:1   | Entered Level 1 of the Lair of Beasts
 11575 | Lair:1   | Reached XP level 12. HP: 88/94 MP: 21/21
 11876 | Lair:2   | Noticed an eight-headed hydra
 11879 | Lair:2   | Pacified an eight-headed hydra
 12552 | Lair:3   | Noticed Prince Ribbit
 12556 | Lair:3   | Noticed a four-headed hydra
 12557 | Lair:3   | Pacified a four-headed hydra
 12557 | Lair:3   | Reached skill level 10 in Armour
 12596 | Lair:3   | Killed Prince Ribbit
 12655 | Lair:3   | Noticed Harold
 12662 | Lair:3   | Killed Harold
 13207 | Lair:3   | Found a hole to the Spider Nest.
 13673 | Lair:3   | Noticed Urug
 13681 | Lair:3   | Killed Urug
 13837 | Lair:4   | Found a staircase to the Swamp.
 13929 | Lair:4   | Reached ***** piety under Elyvilon
 14099 | Lair:4   | Reached XP level 13. HP: 94/100 MP: 22/22
 14872 | Lair:5   | Found a labyrinth entrance.
 14881 | Lab      | Entered a labyrinth
 15102 | Lab      | Noticed a minotaur
 15109 | Lab      | Killed a minotaur
 15111 | Lab      | Identified the Collected Works on Weightlessness
 15531 | Lair:5   | Reached skill level 10 in Fighting
 15715 | Lair:5   | Found a viscous altar of Jiyva.
 15716 | Lair:5   | Found a staircase to the Slime Pits.
 15899 | Lair:6   | Entered Level 6 of the Lair of Beasts
 16870 | Lair:6   | Reached XP level 14. HP: 66/124 MP: 19/24
 17038 | Lair:6   | Reached skill level 15 in Invocations
 17833 | D:10     | Entered Level 10 of the Dungeon
 18011 | D:10     | Noticed Gastronok
 18022 | D:10     | Killed Gastronok
 19081 | D:11     | Noticed Timinator's ghost (novice FoAr)
 19087 | D:11     | Killed Timinator's ghost
 19587 | D:12     | Noticed Rupert
 19764 | D:12     | Paralysed by Rupert for 2 turns
 19775 | D:12     | Paralysed by Rupert for 5 turns
 19795 | D:12     | Killed Rupert
 20543 | Orc:1    | Entered Level 1 of the Orcish Mines
 20792 | Orc:1    | Found a roughly hewn altar of Beogh.
 20822 | Orc:1    | Noticed an orc warlord
 20892 | D:9      | Killed an orc warlord
 21049 | Orc:1    | Reached XP level 15. HP: 109/129 MP: 27/27
 21214 | Orc:1    | Found Oteaniox's Jewellery Emporium.
 21777 | Orc:2    | Entered Level 2 of the Orcish Mines
 21923 | Orc:2    | Found Focuitan's Assorted Antiques.
 22181 | Orc:2    | Found a staircase to the Elven Halls.
 22871 | Orc:2    | Paralysed by an orc sorcerer for 2 turns
 22878 | Orc:2    | Found Hiugosh's Antique Armour Emporium.
 22939 | Orc:2    | Found Ifozaej's Antique Weapon Shoppe.
 22975 | Orc:2    | Found an ancient bone altar of Kikubaaqudgha.
 23066 | Orc:2    | Found a roughly hewn altar of Beogh.
 23142 | Orc:2    | Found Osoly's Distillery.
 23149 | Orc:2    | Found Obityruy's Book Shoppe.
 23152 | Orc:2    | Bought a potion of berserk rage for 70 gold pieces
 23152 | Orc:2    | Bought a potion of curing for 42 gold pieces
 23152 | Orc:2    | Bought a potion of haste for 140 gold pieces
 23152 | Orc:2    | Bought a potion of ambrosia for 112 gold pieces
 23238 | Orc:2    | Bought a faintly humming plate armour for 1120 gold pieces
 23248 | Orc:2    | Identified the cursed +0 plate armour "Unohurio" {rElec Regen+ Slay+6 Stlth+} (You bought it in a shop on level 2 of the Orcish Mines)
 23260 | Orc:2    | Found a radiant altar of Vehumet.
 23552 | D:12     | Found a portal to a secret trove of treasure.
 23618 | D:12     | Found a shadowy altar of Dithmenos.
 24360 | D:13     | Found a gate to the Vaults.
 24499 | D:13     | Reached skill level 1 in Slings
 24543 | D:13     | Found a roughly hewn altar of Beogh.
 25151 | D:14     | Found a shattered altar of Ashenzari.
 25331 | D:14     | Found Okhiroes's Antique Armour Emporium.
 25347 | D:14     | Bought a faintly humming helmet for 266 gold pieces
 25357 | D:14     | Identified the cursed -3 helmet "Niadghuo" {+Fly rElec MR++ Str-2} (You bought it in a shop on level 14 of the Dungeon)
 25446 | D:14     | Noticed a storm dragon
 25447 | D:14     | Noticed a storm dragon
 25447 | D:14     | Pacified a storm dragon
 25449 | D:14     | Pacified a storm dragon
 25755 | D:15     | Entered Level 15 of the Dungeon
 25761 | D:15     | Found a white marble altar of Elyvilon.
 25845 | D:15     | Reached skill level 5 in Slings
 25868 | D:15     | Found a staircase to the Depths.
 25920 | D:15     | Reached XP level 16. HP: 104/146 MP: 28/28
 25970 | D:15     | Found a runed door.
 26749 | D:6      | Bought a royal jelly for 22 gold pieces
 26749 | D:6      | Bought a royal jelly for 22 gold pieces
 26749 | D:6      | Bought a meat ration for 55 gold pieces
 26749 | D:6      | Bought a meat ration for 55 gold pieces
 26749 | D:6      | Bought a royal jelly for 22 gold pieces
 26749 | D:6      | Bought a bread ration for 55 gold pieces
 26749 | D:6      | Bought a royal jelly for 22 gold pieces
 27138 | Spider:1 | Entered Level 1 of the Spider Nest
 27767 | Spider:1 | Identified a scroll of acquirement
 27768 | Spider:1 | Got a brightly glowing buckler
 28630 | Spider:2 | Noticed Agnes
 28637 | Spider:2 | Killed Agnes
 28849 | Spider:2 | Noticed Roxanne
 28887 | Spider:2 | Noticed Donald
 28898 | Spider:2 | Killed Donald
 28922 | Spider:2 | Reached ****** piety under Elyvilon
 29043 | Spider:2 | Noticed Arachne
 29060 | Spider:2 | Killed Arachne
 29374 | Spider:2 | Reached skill level 15 in Armour
 29374 | Spider:2 | Reached XP level 17. HP: 148/152 MP: 30/30
 30333 | Spider:3 | Got a pair of heavily runed boots
 30344 | Spider:3 | Identified the cursed -5 pair of boots of Sin {Str+2 Int+3} (You found it on level 3 of the Spider Nest)
 31403 | Spider:4 | Entered Level 4 of the Spider Nest
 31944 | Spider:4 | Got a transparent helmet
 31955 | Spider:4 | Identified the +2 helmet "Moag" {rPois} (You found it on level 4 of the Spider Nest)
 32981 | Spider:4 | Reached XP level 18. HP: 160/160 MP: 31/31
 33238 | Spider:4 | Got a gossamer rune of Zot
 33452 | Swamp:1  | Entered Level 1 of the Swamp
 33518 | Swamp:1  | Identified the Grimoire of Destructive Talismans
 33556 | Swamp:1  | Noticed Nikola
 33576 | Swamp:1  | Killed Nikola
 35416 | Swamp:3  | Noticed Mara
 35433 | Swamp:4  | Entered Level 4 of the Swamp
 35855 | Swamp:4  | Got a decaying rune of Zot
 36167 | Swamp:2  | Paralysed by a hornet for 2 turns
 36478 | Vaults:1 | Entered Level 1 of the Vaults
 36604 | Vaults:1 | Found a flickering gateway to a bazaar.
 36622 | Bazaar   | Entered a bazaar
 36643 | Bazaar   | Found Apuottiz's Food Boutique.
 36672 | Bazaar   | Found Aczetudd's Food Boutique.
 36686 | Bazaar   | Found Ugicy's Distillery.
 36700 | Bazaar   | Found Vytax's Food Boutique.
 36714 | Bazaar   | Found Uciesab's Armour Shop.
 36750 | Bazaar   | Bought a potion of agility for 36 gold pieces
 36750 | Bazaar   | Bought a potion of haste for 90 gold pieces
 36764 | Bazaar   | Bought a meat ration for 45 gold pieces
 36764 | Bazaar   | Bought a meat ration for 45 gold pieces
 36792 | Bazaar   | Bought a meat ration for 40 gold pieces
 36792 | Bazaar   | Bought a meat ration for 40 gold pieces
 36792 | Bazaar   | Bought a meat ration for 40 gold pieces
 36792 | Bazaar   | Bought a meat ration for 40 gold pieces
 36792 | Bazaar   | Bought a meat ration for 40 gold pieces
 36860 | Bazaar   | Bought a potion of might for 36 gold pieces
 36860 | Bazaar   | Bought a potion of might for 36 gold pieces
 37259 | Vaults:1 | Reached XP level 19. HP: 143/167 MP: 33/33
 37544 | Vaults:1 | Found Lulepic's Gadget Shop.
 38295 | Vaults:1 | Reached skill level 15 in Fighting
 39555 | Vaults:2 | Noticed Aizul
 39568 | Vaults:2 | Killed Aizul
 39770 | Vaults:2 | Noticed Jory
 39782 | Vaults:2 | Cast into level 3 of the Abyss (a deep elf demonologist)
 39953 | Abyss:3  | Found a corrupted altar of Lugonu.
 40244 | Abyss:3  | Reached XP level 20. HP: 160/185 MP: 31/34
 40445 | Abyss:3  | Noticed a bone dragon
 40448 | Abyss:3  | Pacified a bone dragon
 40473 | Abyss:3  | Found a corrupted altar of Lugonu.
 40477 | Abyss:3  | Noticed an ancient lich
 40595 | Abyss:3  | Noticed a bone dragon
 40595 | Abyss:3  | Pacified a bone dragon
 40892 | Vaults:2 | Escaped the Abyss
 41520 | Vaults:2 | Killed Jory
 43044 | Vaults:3 | Reached XP level 21. HP: 182/194 MP: 35/35
 43060 | Vaults:3 | Found a staircase to the Crypt.
 43894 | Vaults:3 | Found a shimmering altar of Xom.
 44214 | Vaults:3 | Cast into level 2 of the Abyss (a deep elf sorcerer)
 44518 | Abyss:3  | Found a corrupted altar of Lugonu.
 44710 | Abyss:3  | Gained mutation: You are occasionally teleported next to monsters. [a cacodemon]
 44714 | Abyss:3  | Gained mutation: You are sometimes teleported next to monsters. [a cacodemon]
 44770 | Abyss:3  | Found a corrupted altar of Lugonu.
 45045 | Abyss:3  | Found a roughly hewn altar of Beogh.
 45310 | Abyss:3  | Gained mutation: Potions are less effective at restoring your health. [a neqoxec]
 45465 | Abyss:3  | Gained mutation: You are dopey. (Int -2) [a neqoxec]
 45467 | Abyss:3  | Lost intelligence.
 45719 | Abyss:3  | Reached XP level 22. HP: 165/202 MP: 37/37
 46020 | Abyss:3  | Gained mutation: You expend magic power (3 MP) to strengthen your wands. [a neqoxec]
 46027 | Abyss:3  | Gained mutation: Your body sometimes deteriorates upon taking damage. [a neqoxec]
 46052 | Abyss:3  | Gained mutation: Armour fits poorly on your strangely shaped body. [a cacodemon]
 46170 | Abyss:3  | Noticed a juggernaut
 46180 | Abyss:3  | Got an abyssal rune of Zot
 46185 | Abyss:3  | Killed a juggernaut
 46261 | Vaults:3 | Escaped the Abyss
 46461 | Vaults:1 | Paralysed by an ogre mage for 4 turns
 47220 | Orc:2    | Bought a potion of mutation for 112 gold pieces
 47425 | D:15     | Lost mutation: Potions are less effective at restoring your health. [potion of mutation]
 47425 | D:15     | Lost mutation: Your body sometimes deteriorates upon taking damage. [potion of mutation]
 47425 | D:15     | Lost mutation: Armour fits poorly on your strangely shaped body. [potion of mutation]
 47425 | D:15     | Lost mutation: You are dopey. (Int -2) [potion of mutation]
 47425 | D:15     | Lost mutation: You expend magic power (3 MP) to strengthen your wands. [potion of mutation]
 47425 | D:15     | Gained mutation: You are partially covered in large bone plates. (SH +4) [potion of mutation]
 47425 | D:15     | Lost mutation: You are sometimes teleported next to monsters. [potion of mutation]
 47425 | D:15     | Gained mutation: You evolve. [potion of mutation]
 47458 | Depths:1 | Entered Level 1 of the Depths
 47469 | Depths:1 | Noticed Laan's ghost (adept GrFi)
 47470 | Depths:1 | Noticed Asterion
 47641 | Depths:1 | Found a corrupted altar of Lugonu.
 47647 | Depths:1 | Pacified Asterion
 47655 | Depths:1 | Killed Laan's ghost
 47746 | Depths:1 | Found a sparkling altar of Nemelex Xobeh.
 47756 | Depths:1 | Noticed Saint Roka
 47785 | Depths:1 | Killed Saint Roka
 48053 | Depths:1 | Found a gateway to Hell.
 48170 | Depths:1 | Noticed the Enchantress
 48179 | Depths:1 | Noticed Sojobo
 48181 | Depths:1 | Pacified Sojobo
 48401 | Depths:1 | Killed the Enchantress
 48410 | Depths:1 | Got faerie dragon scales
 48777 | Depths:1 | Found a one-way gate leading to the halls of Pandemonium.
 49221 | Depths:2 | Found a gateway to a ziggurat.
 49496 | Depths:2 | Reached XP level 23. HP: 206/209 MP: 39/39
 49634 | Depths:2 | Paralysed by a vampire knight for 4 turns
 49761 | Depths:2 | Got a glittering golden amulet
 49771 | Depths:2 | Got a flickering ruby amulet
 49772 | Depths:2 | Identified the amulet of Xom's Hope {Harm *Drain rPois rC++ Int+3 Stlth+} (You took it off a tengu reaver on level 2 of the Depths)
 49773 | Depths:2 | Identified the amulet "Qanobliu" {RegenMP MR+ Int+3} (You took it off a vampire knight on level 2 of the Depths)
 49780 | Depths:2 | Got a scintillating granite ring
 49781 | Depths:2 | Identified the ring of Jaokk {EV+2 Str+2} (You found it on level 2 of the Depths)
 50117 | Depths:3 | Found a one-way gate to the infinite horrors of the Abyss.
 50367 | Depths:3 | Lost mutation: You are occasionally teleported next to monsters. [potion of mutation]
 50367 | Depths:3 | Lost mutation: You evolve. [potion of mutation]
 50367 | Depths:3 | Gained mutation: You are dopey. (Int -2) [potion of mutation]
 50367 | Depths:3 | Gained mutation: You have a pair of small horns on your head. [potion of mutation]
 50368 | Depths:3 | Lost mutation: You have a pair of small horns on your head. [potion of mutation]
 50368 | Depths:3 | Lost mutation: You are dopey. (Int -2) [potion of mutation]
 50368 | Depths:3 | Lost mutation: You are partially covered in large bone plates. (SH +4) [potion of mutation]
 50368 | Depths:3 | Gained mutation: You are partially covered in slimy green scales. (AC +2) [potion of mutation]
 50368 | Depths:3 | Gained mutation: You have large cloven feet. [potion of mutation]
 50368 | Depths:3 | Gained mutation: You have sharp fingernails. [potion of mutation]
 50368 | Depths:3 | Gained mutation: You possess an exceptional clarity of mind. [potion of mutation]
 51269 | Depths:4 | Noticed a golden dragon
 51274 | Depths:4 | Pacified a golden dragon
 51863 | Depths:4 | Reached skill level 27 in Invocations
 52137 | Depths:4 | Reached XP level 24. HP: 177/216 MP: 40/40
 52168 | Depths:4 | Got a crude scale mail
 52169 | Depths:4 | Identified the +6 scale mail of the Eternal Fruit {*Corrode rF+++ Slay+3} (You found it on level 4 of the Depths)
 52349 | Depths:4 | Noticed GordonOverkill's ghost (veteran KoSk)
 52399 | Depths:4 | Killed GordonOverkill's ghost
 52922 | Depths:5 | Entered Level 5 of the Depths
 53807 | Depths:5 | Found a gate to the Realm of Zot.
 53816 | Zot:1    | Entered Level 1 of the Realm of Zot
 54092 | Zot:5    | Entered Level 5 of the Realm of Zot
 54272 | Zot:5    | Reached skill level 27 in Armour
 54278 | Zot:5    | Noticed an ancient lich
 54458 | Zot:5    | Noticed an orb of fire
 54460 | Zot:5    | Noticed an orb of fire
 54460 | Zot:5    | Gained mutation: You are frail. (-10% HP) [an orb of fire]
 54462 | Zot:5    | Gained mutation: Your magical capacity is low. (-10% MP) [an orb of fire]
 54463 | Zot:5    | Gained mutation: You are clumsy. (Dex -2) [an orb of fire]
 54471 | Zot:5    | Gained mutation: Your magical capacity is very low. (-20% MP) [an orb of fire]
 54474 | Zot:5    | Killed an orb of fire
 54493 | Zot:5    | Killed an orb of fire
 54512 | Zot:5    | Noticed a Killer Klown
 54512 | Zot:5    | Pacified a Killer Klown
 54557 | Zot:5    | Noticed an ancient lich
 54562 | Zot:5    | Pacified an ancient lich
 54562 | Zot:5    | Reached XP level 25. HP: 87/205 MP: 30/32
 54590 | Zot:5    | Noticed an orb of fire
 54605 | Zot:5    | Gained mutation: Your spells are a little easier to cast, but a little less powerful. [an orb of fire]
 54611 | Zot:5    | Killed a Killer Klown
 54615 | Zot:5    | Killed an orb of fire
 54972 | Zot:5    | Noticed an orb of fire
 54981 | Zot:5    | Gained mutation: Your body sometimes deteriorates upon taking damage. [an orb of fire]
 54985 | Zot:5    | Noticed a Killer Klown
 54989 | Zot:5    | Pacified a Killer Klown
 54996 | Zot:5    | Killed an orb of fire
 55028 | Zot:5    | Got the Orb of Zot
 55042 | Zot:5    | Killed an ancient lich
 55240 | Depths:5 | Noticed Onnoj the pandemonium lord
 55268 | Depths:5 | Paralysed by a great orb of eyes for 2 turns
 55319 | Depths:1 | Gained mutation: You are dopey. (Int -2) [a neqoxec]
 55787 | D:$      | Escaped with the Orb!

Skill      XL: |  1  2  3  4  5  6  7  8  9 10 11 12 13 14 15 16 17 18 19 20 21 22 23 24 25 |
---------------+----------------------------------------------------------------------------+-----
Axes           | 3 4 5 6 8 9 10 13 15 16 18 20 21 | 21.0
Invocations    | 4 5 9 12 14 16 18 20 21 23 24 27 | 27.0
Fighting       | 5 11 14 17 18 19 21 | 21.5
Armour         | 7 13 15 18 20 22 23 25 27 | 27.0
Slings         | 6 7 |  7.1
Shields        | |  3.2

Action                   |  1- 3 |  4- 6 |  7- 9 | 10-12 | 13-15 | 16-18 | 19-21 | 22-24 | 25-27 || total
-------------------------+-------+-------+-------+-------+-------+-------+-------+-------+-------++-------
Melee: War axe           |    81 |   124 |   362 |   274 |       |       |       |       |       ||   841
       Unarmed           |       |    11 |       |       |       |       |       |       |       ||    11
       Battleaxe         |       |       |       |   323 |   929 |   908 |  1278 |  1193 |   135 ||  4766
       Broad axe         |       |       |       |    66 |       |       |       |       |       ||    66
 Fire: Hunting sling     |       |    22 |    26 |   164 |   142 |   311 |    73 |    49 |     5 ||   792
Throw: Stone             |       |       |       |     1 |     3 |       |       |       |       ||     4
       Javelin           |       |       |       |       |     5 |     5 |       |       |       ||    10
Invok: Lesser Healing    |       |       |     4 |     6 |       |     1 |    17 |    35 |    63 ||   126
       Heal Other        |       |       |       |    32 |    30 |    38 |    22 |    33 |    13 ||   168
       Purification      |       |       |       |     1 |       |     8 |     6 |     5 |       ||    20
       Greater Healing   |       |       |       |       |     7 |    11 |    18 |     6 |       ||    42
Evoke: Wand              |       |       |     7 |     4 |     9 |       |       |     2 |       ||    22
  Use: Potion            |       |     5 |     2 |     2 |     5 |     5 |    11 |    12 |     6 ||    48
       Scroll            |       |     1 |     6 |    26 |    11 |     9 |    11 |    20 |     1 ||    85
 Stab: Invisible         |       |     3 |       |       |     1 |       |       |       |       ||     4
       Distracted        |       |       |       |       |       |     1 |       |     1 |       ||     2
  Eat: Chunk             |       |     3 |     3 |     8 |    19 |    23 |    14 |    12 |       ||    82
       Fruit             |       |     1 |     2 |     3 |    24 |     3 |       |       |       ||    33
       Meat ration       |       |     1 |     1 |     1 |     1 |     2 |     5 |     6 |     4 ||    21
       Bread ration      |       |       |       |     8 |     3 |     3 |     2 |     1 |       ||    17
       Royal jelly       |       |       |       |     3 |     3 |     5 |     2 |     2 |       ||    15
Armor: Scale mail        |    37 |    63 |    45 |       |       |       |       |       |       ||   145
       Plate armour      |       |       |    91 |   344 |   434 |   771 |   691 |   805 |   123 ||  3259
Dodge: Dodged            |    36 |    82 |   110 |   140 |   231 |   336 |   366 |   374 |    50 ||  1725
Block: Other             |       |       |    28 |    49 |    76 |    77 |   103 |   189 |    16 ||   538
       Reflection        |       |       |     1 |     1 |     8 |       |    15 |    10 |       ||    35
